 Dungeon Crawl Stone Soup version 0.21-a0-404-g291f19a (webtiles) character file.

522 keltmir the Changer (level 7, -3/52 HPs)
             Began as a Green Draconian Transmuter on Oct 29, 2017.
             Was an Initiate of Ru.
             Killed from afar by an orc wizard (8 damage)
             ... with a puff of flame
             ... on level 4 of the Dungeon.
             The game lasted 00:18:28 (4776 turns).

keltmir the Changer (Green Draconian Transmuter)    Turns: 4776, Time: 00:18:29

Health: -3/52      AC:  7    Str: 12    XL:     7   Next: 1%
Magic:  10/10      EV: 12    Int: 16    God:    Ru [......]
Gold:   211        SH:  0    Dex: 11    Spells: 6/10 levels left

rFire    . . .     SeeInvis .     - Unarmed
rCold    . . .     Gourm    .   (no shield)
rNeg     . . .     Faith    .   (armour unavailable)
rPois    +         Spirit   .   (helmet restricted)
rElec    .         Reflect  .   (no cloak)
rCorr    .         Harm     .   j - +0 pair of gloves
MR       .....                  (no boots)
Stlth    +.........             k - amulet of magic regeneration
HPRegen  0.17/turn              (no ring)
MPRegen  0.37/turn              (no ring)

@: no status effects
A: breathe noxious fumes, unfitting armour, poison resistance, cold-blooded, AC
+6
a: Breathe Noxious Fumes, Renounce Religion


You were on level 4 of the Dungeon.
You worshipped Ru.
Ru was noncommittal.
You were not hungry.

You visited 1 branch of the dungeon, and saw 4 of its levels.

You collected 211 gold pieces.

Inventory:

Missiles
 a - 95 arrows
Armour
 j - a +0 pair of gloves (worn)
Jewellery
 c - a +6 ring of slaying {unknown}
 d - an uncursed ring of protection from cold {unknown}
 e - an uncursed amulet of faith {unknown}
 k - an amulet of magic regeneration (around neck)
 m - a +3 ring of protection {unknown}
 o - an uncursed amulet of guardian spirit {unknown}
Wands
 t - a wand of disintegration (10/24)
Scrolls
 g - 7 scrolls of identify
 l - 2 scrolls of remove curse
 n - a scroll of amnesia {unknown}
Potions
 f - a potion of haste {unknown}
 i - 2 potions of degeneration
Books
 b - a book of Changes

   Spells                             Type                      Level
   a - Beastly Appendage              Transmutation                1
   b - Sticks to Snakes               Transmutation                2
   c - Spider Form                    Transmutation/Poison         3
   d - Ice Form                       Ice/Transmutation            4
   e - Blade Hands                    Transmutation                5
Comestibles
 h - 2 royal jellies
 s - a bread ration


   Skills:
 - Level 1.1 Fighting
 - Level 1.7 Dodging
 - Level 3.0 Unarmed Combat
 - Level 2.0 Spellcasting
 * Level 7.7 Transmutations


You had 6 spell levels left.
You knew the following spells:

 Your Spells              Type           Power        Failure   Level  Hunger
a - Beastly Appendage     Tmut           ####..       1%          1    #......
b - Spider Form           Tmut/Pois      ##........   13%         3    ###....


Dungeon Overview and Level Annotations

Branches:
Dungeon (4/15)
 Temple: D:4-7

Altars:
Cheibriados
Okawaru
Ru
Wu Jian

Annotations:
D:2 Sigmund


Innate Abilities, Weirdness & Mutations

You can breathe blasts of noxious fumes.
Your lurid green scales are hard. (AC +6)
You cannot fit into any form of body armour.
Your system is resistant to poisons. (rPois)
You are cold-blooded and may be slowed by cold attacks.


Message History

The orc wizard seems to speed up.
The orc wizard looks encouraged for a moment.
The orc wizard gestures at you while chanting.
The magic dart hits you!
The orc wizard casts a spell.
The orc wizard flickers and vanishes!
Deactivating autopickup; reactivate with Ctrl-A.
The orc priest casts a cantrip, but nothing happens.
The orc priest miscasts a cantrip.
The orc wizard casts a spell at you. The puff of frost hits you!
The orc wizard gestures at you while chanting.
The puff of frost hits you!
* * * LOW HITPOINT WARNING * * *
The orc wizard gestures at you while chanting.
The puff of flame hits you!
* * * LOW HITPOINT WARNING * * *
The orc wizard points at you and mumbles some strange words.
The puff of flame hits you!
You die...

######### ........# ........#
........# ######## ........#
#......#
........################.o....#
................@...o..oo.....#
........################o.....#
.....(.....>..##### #..(...###
........#####.....## ######(...
........# #####..## ###..
######### ##>.## #.. ##..## #..
# ##..### #o. ## ######
##...#######..


You could see an orc wizard and an orc.

Vanquished Creatures
  An ogre (D:2)
  2 scorpions (D:4)
  A hound (D:4)
  2 orc priests (D:3)
  A bullfrog skeleton (D:2)
  2 orc wizards (D:2)
  Natasha (D:1)
  4 gnolls
  4 adders
  An ooze (D:3)
  2 worms
  4 dart slugs
  4 leopard geckos
  5 orcs (D:3)
  9 goblins
  9 hobgoblins
  2 jackals
  3 kobolds
  A quokka (D:3)
  3 ball pythons
  10 bats
  2 frilled lizards
  6 rats
79 creatures vanquished.

Vanquished Creatures (others)
  A bat (D:1)
  A goblin (D:1)
2 creatures vanquished.

Grand Total: 81 creatures vanquished

Notes
Turn   | Place    | Note
-------+----------+-------------------------------------------
     0 | D:1      | keltmir the Draconian Transmuter began the quest for the Orb.
     0 | D:1      | Reached XP level 1. HP: 16/16 MP: 3/3
    77 | D:1      | Reached XP level 2. HP: 21/23 MP: 3/5
   113 | D:1      | Reached skill level 3 in Transmutations
   513 | D:2      | Noticed Natasha
   531 | D:1      | Noticed a crimson imp
   532 | D:1      | Killed Natasha
   532 | D:1      | Reached XP level 3. HP: 14/28 MP: 6/6
   667 | D:1      | Learned a level 3 spell: Spider Form
   683 | D:2      | Reached skill level 4 in Transmutations
   690 | D:2      | Noticed an ogre
   708 | D:2      | Killed an ogre
   708 | D:2      | Reached skill level 5 in Transmutations
   708 | D:2      | Reached XP level 4. HP: 35/35 MP: 4/7
   741 | D:2      | Reached XP level 5. HP: 28/40 MP: 6/8
   851 | D:2      | Noticed Sigmund
  1193 | D:2      | Found an ornate altar of the Wu Jian Council.
  2071 | D:2      | Reached skill level 6 in Transmutations
  2476 | D:3      | Reached XP level 6. HP: 47/47 MP: 6/9
  2528 | D:3      | Found a snail-covered altar of Cheibriados.
  2612 | D:3      | Found an iron altar of Okawaru.
  3711 | D:4      | Reached skill level 7 in Transmutations
  3797 | D:4      | HP: 1/47 [gnoll/enchanted spear (3)]
  4387 | D:4      | Your scales start taking on a lurid green colour.
  4387 | D:4      | Reached XP level 7. HP: 41/52 MP: 8/10
  4387 | D:4      | Gained mutation: Your system is resistant to poisons. (rPois) [Green Draconian growth]
  4596 | D:4      | Found a sacrificial altar of Ru.
  4622 | D:4      | Became a worshipper of Ru the Awakened
  4776 | D:4      | Killed from afar by an orc wizard

Vault maps used:
D:1:      saegor_arrival_miasma, hangedman_decor_growths, lemuel_flame_loot_1
D:2:      nicolae_overflow_crystal_walls, due_unseen_surprise, uniq_natasha,
          uniq_sigmund
D:3:      lemuel_crystal_altar, kennysheep_slug_shrine, minmay_goblin_outpost
D:4:      cheibrodos_pilgrimage, overflow_temple_1_default, first_bread,
          okawaru_altar_gauntlet_db

Skill      XL: |  1  2  3  4  5  6 |
---------------+-------------------+-----
Transmutations | 3 5 6 7 |  7.7
Fighting       | |  1.1
Dodging        | |  1.7
Unarmed Combat | |  3.0
Spellcasting   | |  2.0

Action                   |  1- 3 |  4- 6 |  7- 9 || total
-------------------------+-------+-------+-------++-------
Melee: Unarmed           |    66 |   243 |     2 ||   311
       Kick              |     2 |     1 |       ||     3
       Tailslap          |     6 |    10 |     1 ||    17
       Headbutt          |     3 |     4 |       ||     7
 Cast: Beastly Appendage |     4 |     5 |       ||     9
       Spider Form       |     1 |    14 |       ||    15
  Use: Potion            |     2 |     3 |     1 ||     6
       Scroll            |       |     6 |     2 ||     8
 Stab: Distracted        |       |     1 |       ||     1
  Eat: Bread ration      |       |     2 |     1 ||     3
       Chunk             |       |     4 |       ||     4
Armor: Skin              |    17 |    87 |     2 ||   106
Dodge: Dodged            |    47 |   257 |     1 ||   305

Table legend:
 A = Spawn XP
 B = Non-spawn XP
 C = Spawn XP percentage of total XP
 D = Spawn monster count
 E = Non-spawn monster count
 F = Spawn count percentage of total count
 G = Total turns spent on level
                    A         B        C        D         E        F      G
               +---------+---------+-------+---------+---------+-------+---------
         Total |       0 |     746 |   0.0 |       0 |      79 |   0.0 |  4776
               +---------+---------+-------+---------+---------+-------+---------
           D:1 |       0 |      65 |   0.0 |       0 |      19 |   0.0 |   783
           D:2 |       0 |     261 |   0.0 |       0 |      16 |   0.0 |  1436
           D:3 |       0 |     190 |   0.0 |       0 |      36 |   0.0 |  1782
           D:4 |       0 |     230 |   0.0 |       0 |       8 |   0.0 |   775
               +---------+---------+-------+---------+---------+-------+---------
